 Dungeon Crawl Stone Soup version 0.28-a0-751-gef3a642a4e (webtiles) character file.

Game seed: 2882338881207451364

99191 porpoise the Eclecticist (level 15, -12/85 HPs)
             Began as a Deep Elf Conjurer on Oct 31, 2021.
             Was a High Priest of Vehumet.
             Killed by an exploding fulminant prism (43 damage)
             ... on level 15 of the Dungeon.
             The game lasted 02:18:50 (35799 turns).

porpoise the Eclecticist (Deep Elf Conjurer)       Turns: 35799, Time: 02:18:52

Health: -12/85     AC: 12    Str:  7    XL:     15   Next: 77%
Magic:  28/46      EV: 19    Int: 27    God:    Vehumet [*****.]
Gold:   1750       SH:  6    Dex: 13    Spells: 20/46 levels left

rFire   . . .      SeeInvis .   b - staff of poison
rCold   . . .      Faith    .   Y - +1 buckler
rNeg    . . .      Spirit   .   Q - +2 robe {Archmagi}
rPois   +          Reflect  .   z - +0 helmet
rElec   .          Harm     .   Z - +1 cloak {rPois}
rCorr   .          Rampage  +   d - +2 pair of gloves
Will    +....      Archmagi +   A - +1 pair of boots {rampage}
Stlth   ++++......              n - amulet of the acrobat
HPRegen 0.24/turn               D - ring of magical power
MPRegen 0.30/turn               s - +4 ring of evasion

@: no status effects
A: no striking features
a: Renounce Religion


You were on level 15 of the Dungeon.
You worshipped Vehumet.
Vehumet was extremely pleased with you.
You visited 4 branches of the dungeon, and saw 24 of its levels.

You collected 2224 gold pieces.
You spent 474 gold pieces at shops.

Inventory:

Hand Weapons
 L - a +0 hunting sling
Missiles
 f - 9 boomerangs
 j - 18 poisoned darts
 t - 67 bolts
 u - 12 curare-tipped darts (quivered)
 H - 45 sling bullets
Armour
 d - a +2 pair of gloves (worn)
 z - a +0 helmet (worn)
 A - a +1 pair of boots of rampaging (worn)
 J - +0 acid dragon scales
 Q - a +2 robe of the Archmagi (worn)
 Y - a +1 buckler (worn)
 Z - a +1 cloak of poison resistance (worn)
Magical Staves
 a - a staff of conjuration
 b - a staff of poison (weapon)
 k - a staff of air
 w - a staff of cold
Jewellery
 n - an amulet of the acrobat (around neck)
 s - a +4 ring of evasion (right hand)
 x - a ring of protection from fire
 y - a ring of see invisible
 D - a ring of magical power (left hand)
 K - a ring of protection from fire
 W - a ring of fire
Wands
 g - a wand of acid (45)
 r - a wand of iceblast (30)
 v - a wand of paralysis (7)
 B - a wand of flame (45)
 I - a wand of charming (5)
 T - a wand of polymorph (9)
Scrolls
 h - 3 scrolls of identify
 l - 5 scrolls of magic mapping
 o - 3 scrolls of teleportation
 q - 4 scrolls of blinking
 E - a scroll of noise
 S - 2 scrolls of summoning
Potions
 c - 2 potions of heal wounds
 e - 4 potions of resistance
 i - 3 potions of cancellation
 m - 5 potions of haste
 p - 8 potions of curing
 C - 3 potions of attraction
 F - 3 potions of ambrosia
 G - 5 potions of lignification
 V - 2 potions of magic


   Skills:
 + Level 6.9 Fighting
 - Level 7.0 Dodging
 - Level 9.0 Stealth
 - Level 4.0 Shields
 - Level 16.0 Spellcasting
 - Level 14.0 Conjurations
 + Level 15.5 Hexes
 - Level 8.0 Translocations
 - Level 7.0 Transmutations
 - Level 7.0 Fire Magic
 - Level 9.0 Poison Magic
 - Level 7.0 Evocations


You had 20 spell levels left.
You knew the following spells:

 Your Spells              Type           Power      Damage    Failure   Level
a - Magic Dart            Conj           100%       1d8       0%          1
b - Searing Ray           Conj           100%       2d8       0%          2
c - Fulminant Prism       Conj/Hex       50%        3d23      1%          4
d - Iskenderun's Mystic   Conj/Tloc      88%        2d17      1%          4
i - Ignite Poison         Fire/Tmut/Pois 96%        N/A       1%          3
k - Blink                 Tloc           100%       N/A       1%          2
o - Olgreb's Toxic Radia  Pois           100%       N/A       1%          4
z - Invisibility          Hex            51%        N/A       1%          6

Your spell library contained the following spells:

 Spells                   Type           Power      Damage    Failure   Level
 Orb of Destruction       Conj           49%        9d15      1%          7
 Slow                     Hex            100%       N/A       0%          1
 Confusing Touch          Hex            100%       N/A       0%          3
 Dazzling Flash           Conj/Hex       100%       N/A       0%          3
 Beastly Appendage        Tmut           100%       N/A       1%          1
 Freeze                   Ice            100%       1d11      1%          1
 Sting                    Tmut/Pois      100%       1d8       1%          1
 Passwall                 Tmut/Erth      47%        N/A       1%          2
 Poisonous Vapours        Pois/Air       100%       N/A       1%          2
 Wereblood                Tmut           73%        N/A       1%          2
 Conjure Flame            Conj/Fire      87%        6-21      1%          3
 Frozen Ramparts          Ice            64%        1d8       1%          3
 Gell's Gravitas          Tloc           38%        N/A       1%          3
 Lesser Beckoning         Tloc           77%        N/A       1%          3
 Spider Form              Tmut/Pois      49%        N/A       1%          3
 Teleport Other           Tloc           77%        N/A       1%          3
 Hailstorm                Conj/Ice       73%        3d15      1%          4
 Sticky Flame             Conj/Fire      87%        2d10      1%          4
 Manifold Assault         Tloc           77%        N/A       2%          5
 Metabolic Englaciation   Hex/Ice        38%        N/A       2%          5
 Summon Mana Viper        Hex/Summ       76%        N/A       2%          5
 Ice Form                 Ice/Tmut       57%        N/A       5%          4
 Petrify                  Tmut/Erth      57%        N/A       5%          4
 Ozocubu's Armour         Ice            32%        N/A       7%          3
 Swiftness                Air            32%        N/A       7%          3
 Vampiric Draining        Necr           16%        2d8       7%          3
 Dispersal                Tloc           38%        N/A       13%         6
 Summon Ice Beast         Ice/Summ       32%        N/A       22%         4
 Statue Form              Tmut/Erth      38%        N/A       63%         6


Dungeon Overview and Level Annotations

Branches:
Dungeon (15/15)            Temple (1/1) D:4            Lair (6/6) D:11
 Shoals (0/4) Lair:3       Spider (0/4) Lair:2          Orc (2/2) D:9
    Elf (0/3) Orc:2        Vaults (0/5) D:13         Depths (0/4) D:15
  Slime: Lair:5-6

Altars:
Ashenzari
Cheibriados
Hepliaklqana
Makhleb
Nemelex Xobeh
Qazlal
Sif Muna
Vehumet
Xom
Yredelemnul
The Shining One
Beogh

Shops:
D:6 (   D:10 [:   D:14 *:   Orc:2 *[=[

Annotations:
D:6 fly
D:8 2 transporters, KoroneIsBestGirl's ghost, novice VSFi
Lair:6 not explored, exclusion: oklob plant
Orc:1 2 transporters, Qaics's ghost, journeyman DsGl


Message History

The searing ray hits the skeletal warrior.
The skeletal warrior is almost destroyed.
The centaur warrior shoots an arrow.
The arrow hits your fulminant prism!
Your fulminant prism explodes!
The blast of energy engulfs the centaur warrior!!
The centaur warrior is severely wounded.
The blast of energy engulfs the skeletal warrior!!
You destroy the skeletal warrior!
Vehumet accepts your kill.
You feel your power returning.
The centaur shoots an arrow.
The arrow misses you.
Casting: Searing Ray (safe; 0% risk of failure)
Confirm with . or Enter, or press ? or * to list all spells.
Aiming: Fulminant Prism (safe; 1% risk of failure)
Press: ? - help, Dir - move target You feel a surge of power!
You conjure a prism of explosive energy!
A fulminant prism comes into view.
The centaur shoots an arrow.
The arrow closely misses you.
The centaur warrior shoots an arrow.
The arrow hits you!
You rampage towards the centaur!
The centaur shoots an arrow.
The arrow completely misses you.
The centaur warrior unwields a +0 shortbow.
The centaur warrior completely misses you. x2
The centaur shoots an arrow.
The arrow misses you.
Your fulminant prism crackles loudly.
Casting: Fulminant Prism (safe; 1% risk of failure)
Confirm with . or Enter, or press ? or * to list all spells.
You feel a surge of power!
You erupt in a blast of force!
The mystic blast hits the centaur!!
The centaur is almost dead.
The centaur is knocked back by the mystic blast.
The mystic blast hits the centaur warrior!
You kill the centaur warrior!
Vehumet accepts your kill.
You feel your power returning.
Your fulminant prism explodes!
The blast of energy engulfs you!!!
Ouch! That really hurt!
You die...

...## ....## .....# .....#
.....# ....######## .
.....<.....#### ########...
.....##.......###).........
.....#..........@.)..c.....
.....#.......#######)......
.............# .*...P.
...###......#### 8.c....
#### #......... 8..pP..
#.......## .......
#.......# ..z....
#####.....## ...8.>. #
#.........# .......8.8.#


You could see a centaur.

Vanquished Creatures
  Rupert (D:13)
  Roxanne (D:14)
  An orc warlord (Orc:2)
  Nessos (Lair:4)
  An ettin (Orc:2)
  An ice dragon (D:15)
  A rakshasa (D:15)
  Fannar (D:10)
  5 hydras
  Erica (Lair:1)
  5 centaur warriors
  3 boulder beetles
  An ogre mage (D:13)
  7 two-headed ogres
  6 death yaks (Lair:3)
  2 catoblepae
  5 tengu warriors
  4 orc high priests (Orc:2)
  Sonja (D:13)
  3 skeletal warriors
  A golden dragon skeleton (D:15)
  8 orc knights
  Pikel (D:7)
  A necromancer (D:15)
  A stone giant zombie (D:15)
  3 deep elf pyromancers
  A phantasmal warrior (D:15)
  21 ugly things
  2 manticores (D:13)
  3 orc sorcerers (Orc:2)
  4 cyclopes
  16 elephants
  5 torpor snails
  3 merfolk sirens (Lair:3)
  A black mamba (Lair:1)
  11 cane toads
  A gargoyle (D:12)
  A storm dragon simulacrum (D:15)
  4 rime drakes
  A rime drake (shapeshifter) (D:14)
  Psyche (D:8)
  An unseen horror (D:13)
  3 tengu conjurers
  A spriggan zombie (D:15)
  10 komodo dragons
  9 trolls
  A komodo dragon (shapeshifter) (D:8)
  A polar bear (Lair:3)
  A merfolk (Lair:3)
  2 jumping spiders (Lair:2)
  Grinder (D:5)
  8 blink frogs
  10 dream sheep
  A shadow (D:12)
  A vampire (D:11)
  4 steam dragons
  3 wyverns
  3 wraiths
  24 yaks
  10 vampire mosquitoes
  3 basilisks
  Menkaure (D:7)
  5 acid dragons
  5 wargs
  Duvessa (D:6)
  A human skeleton (D:15)
  14 water moccasins
  51 orc warriors
  4 ice beasts
  2 necrophages
  7 wolves
  22 ogres
  24 centaurs
  2 phantoms
  4 kobold brigands
  5 gnoll sergeants
  19 bullfrogs
  Dowan (D:6)
  2 water moccasin skeletons (D:5)
  12 killer bees
  8 wights
  An electric eel (D:6)
  3 howler monkeys
  4 centaur zombies
  A bullfrog zombie (D:5)
  3 hounds
  4 gnoll shamans
  38 orc priests
  Crazy Yiuf (D:5)
  2 bullfrog skeletons
  5 centaur skeletons
  An iguana (D:3)
  6 hell rats (Lair:6)
  Ijyb (D:3)
  26 orc wizards
  A killer bee zombie (D:6)
  24 gnolls
  2 howler monkey zombies
  6 adders
  2 white imps
  An ufetubus (D:5)
  A worm (D:3)
  4 dart slugs
  113 orcs
  5 ball pythons
  9 bats
  6 endoplasms
  5 giant cockroaches
  6 goblins
  8 hobgoblins
  11 jackals
  32 kobolds
  3 quokkas
  2 frilled lizards
  5 rats
  A fulminant prism (D:15)
771 creatures vanquished.

Vanquished Creatures (others)
  A water moccasin (Lair:4)
  A bullfrog (Lair:4)
  A wight (D:10)
  A hobgoblin (D:9)
  321 fulminant prisms
  34 fungi
  30 plants
  7 withered plants (D:15)
396 creatures vanquished.

Grand Total: 1167 creatures vanquished

Notes
Turn   | Place    | Note
-------+----------+-------------------------------------------
     0 | D:1      | porpoise the Deep Elf Conjurer began the quest for the Orb.
     0 | D:1      | Reached XP level 1. HP: 10/10 MP: 6/6
   174 | D:1      | Reached XP level 2. HP: 10/15 MP: 3/8
   661 | D:1      | Reached skill level 4 in Spellcasting
   731 | D:1      | Reached skill level 5 in Conjurations
   731 | D:1      | Reached XP level 3. HP: 19/19 MP: 8/10
  1287 | D:2      | Learned a level 2 spell: Searing Ray
  1618 | D:2      | Found a faded altar of an unknown god.
  1664 | D:2      | Reached XP level 4. HP: 24/24 MP: 9/12
  1828 | D:2      | Found a basalt altar of Yredelemnul.
  2108 | D:3      | Noticed Ijyb
  2108 | D:3      | Noticed an ice beast
  2117 | D:3      | Killed an ice beast
  2118 | D:3      | Reached skill level 5 in Spellcasting
  2118 | D:3      | Reached XP level 5. HP: 28/28 MP: 5/15
  2465 | D:3      | Killed Ijyb
  2466 | D:3      | Reached skill level 6 in Spellcasting
  2816 | D:3      | Learned a level 4 spell: Fulminant Prism
  2821 | D:3      | Learned a level 4 spell: Iskenderun's Mystic Blast
  3057 | D:4      | Noticed a steam dragon
  3064 | D:4      | Killed a steam dragon
  3064 | D:4      | HP: 1/28 [something (5)]
  3065 | D:4      | Reached XP level 6. HP: 1/32 MP: 7/17
  3477 | D:4      | Reached skill level 7 in Spellcasting
  3772 | D:4      | Reached skill level 1 in Translocations
  3861 | D:4      | You fall into a shaft and drop 3 floors!
  3861 | D:7      | Noticed Menkaure
  3861 | D:7      | Noticed a water moccasin
  3870 | D:6      | Killed a water moccasin
  3871 | D:6      | Reached XP level 7. HP: 36/36 MP: 13/19
  3936 | D:6      | Reached skill level 5 in Hexes
  4162 | D:6      | Found Sicilue's Weapon Boutique.
  4174 | D:5      | Entered Level 5 of the Dungeon
  4174 | D:5      | Noticed Grinder
  4630 | D:6      | Reached XP level 8. HP: 41/41 MP: 11/20
  5236 | D:4      | Reached skill level 5 in Translocations
  5320 | D:4      | Found a staircase to the Ecumenical Temple.
  5331 | Temple   | Entered the Ecumenical Temple
  5342 | Temple   | Became a worshipper of Vehumet
  6118 | D:5      | Found a stormy altar of Qazlal.
  6399 | D:5      | Reached skill level 8 in Spellcasting
  6414 | D:5      | Reached skill level 1 in Fighting
  6598 | D:5      | Reached skill level 9 in Spellcasting
  6915 | D:5      | Found a runed translucent door.
  6916 | D:5      | Noticed Crazy Yiuf
  6922 | D:5      | Killed Crazy Yiuf
  7046 | D:5      | Reached * piety under Vehumet
  7046 | D:5      | Offered knowledge of Foxfire by Vehumet.
  7055 | D:5      | Paralysed by Grinder for 3 turns
  7061 | D:5      | Killed Grinder
  7062 | D:5      | Reached XP level 9. HP: 50/50 MP: 2/24
  7636 | D:6      | Noticed Duvessa
  7641 | D:6      | Noticed Dowan
  7643 | D:6      | Killed Duvessa
  7643 | D:6      | Killed Dowan
  8056 | D:7      | Learned a level 2 spell: Blink
  8187 | D:7      | Killed Menkaure
  8193 | D:7      | Noticed Pikel
  8201 | D:7      | Killed Pikel
  8202 | D:7      | Reached skill level 5 in Fighting
  8474 | D:7      | You fall into a shaft and drop 2 floors!
  8474 | D:9      | Noticed a boulder beetle
  8610 | D:8      | Reached skill level 10 in Spellcasting
  8794 | D:8      | Noticed KoroneIsBestGirl's ghost (novice VSFi)
  8834 | D:7      | Identified the +7 short sword of the Spheres {vorpal,
                  | Str+3}
  9171 | D:8      | Reached skill level 5 in Dodging
  9343 | D:8      | Noticed Psyche
  9346 | D:8      | Killed Psyche
  9347 | D:8      | Reached XP level 10. HP: 58/59 MP: 11/26
  9746 | D:8      | Reached skill level 11 in Spellcasting
  9870 | D:8      | Found a transporter.
  9872 | D:8      | Found a transporter.
 10037 | D:8      | Learned a level 4 spell: Olgreb's Toxic Radiance
 10041 | D:8      | Learned a level 3 spell: Ignite Poison
 10418 | D:9      | Reached skill level 12 in Spellcasting
 10481 | D:8      | Reached skill level 1 in Poison Magic
 10635 | D:9      | Reached ** piety under Vehumet
 10635 | D:9      | Offered knowledge of Static Discharge by Vehumet.
 10856 | D:8      | Killed a boulder beetle
 11094 | D:9      | Noticed a deep elf pyromancer
 11102 | D:8      | Reached skill level 5 in Poison Magic
 11173 | D:9      | Noticed a two-headed ogre
 11603 | D:9      | Reached XP level 11. HP: 48/63 MP: 13/29
 11684 | D:9      | Noticed a two-headed ogre
 11689 | D:9      | Killed a two-headed ogre
 11869 | D:9      | Killed a two-headed ogre
 11869 | D:9      | Offered knowledge of Inner Flame by Vehumet.
 12006 | D:9      | Reached *** piety under Vehumet
 12174 | D:8      | Killed a deep elf pyromancer
 12790 | D:9      | Found a staircase to the Orcish Mines.
 13465 | D:9      | Offered knowledge of Hailstorm by Vehumet.
 13687 | D:9      | Got the Collected Works on Snow and Beguiling
 13800 | D:10     | Entered Level 10 of the Dungeon
 13800 | D:10     | Found Miesal's Self-Improvement Boutique.
 13838 | D:10     | Reached skill level 1 in Evocations
 13846 | D:10     | Noticed a two-headed ogre
 13854 | D:10     | Noticed Fannar
 13855 | D:10     | Killed a two-headed ogre
 13868 | D:10     | Killed Fannar
 14291 | D:10     | Found Uhuypn's Antique Armour Shoppe.
 14315 | D:10     | Reached skill level 1 in Shields
 14509 | D:10     | Bought a runed cloak for 150 gold pieces
 14509 | D:10     | Bought an embroidered robe for 74 gold pieces
 14713 | D:10     | Identified a scroll of acquirement
 14713 | D:10     | Acquired a staff of conjuration
 14983 | D:10     | Reached **** piety under Vehumet
 15008 | D:10     | Reached skill level 1 in Fire Magic
 15652 | D:11     | Offered knowledge of Freezing Cloud by Vehumet.
 15653 | D:11     | Reached XP level 12. HP: 68/68 MP: 26/30
 15725 | D:11     | Found a staircase to the Lair.
 15822 | D:11     | You fall into a shaft and drop 3 floors!
 16103 | D:12     | Noticed a boulder beetle
 16108 | D:12     | Noticed a boulder beetle
 16112 | D:12     | Killed a boulder beetle
 16156 | D:12     | Killed a boulder beetle
 16572 | D:11     | Found a broken altar of Ashenzari.
 16582 | D:11     | Reached skill level 1 in Transmutations
 16995 | Lair:1   | Entered Level 1 of the Lair of Beasts
 17026 | Lair:1   | Noticed an eight-headed hydra
 17032 | Lair:1   | Killed an eight-headed hydra
 17033 | Lair:1   | Reached skill level 5 in Fire Magic
 17167 | Lair:1   | Noticed a seven-headed hydra
 17176 | Lair:1   | Killed a seven-headed hydra
 17210 | Lair:1   | Noticed a six-headed hydra
 17217 | Lair:1   | Killed a six-headed hydra
 17218 | Lair:1   | Reached skill level 10 in Hexes
 17324 | Lair:1   | Reached skill level 5 in Transmutations
 17616 | Lair:1   | Noticed Erica
 17622 | Lair:1   | Killed Erica
 18460 | D:12     | Reached skill level 5 in Evocations
 18883 | D:12     | Noticed a two-headed ogre
 18896 | D:12     | Killed a two-headed ogre
 20064 | Lair:2   | Reached ***** piety under Vehumet
 20064 | Lair:2   | Offered knowledge of Conjure Ball Lightning by Vehumet.
 20065 | Lair:2   | Reached skill level 5 in Stealth
 20284 | Lair:2   | Reached XP level 13. HP: 72/72 MP: 30/31
 20421 | Lair:2   | Found a hole to the Spider Nest.
 20474 | Lair:2   | Found the +5 sword of Power {vorpal}
 20944 | Lair:3   | Reached skill level 13 in Spellcasting
 21153 | Lair:3   | Reached skill level 14 in Spellcasting
 21433 | Lair:3   | Identified the +4 rapier "Mepi" {freeze, Str+4 Dex+4}
 21475 | Lair:3   | Found a staircase to the Shoals.
 21737 | Lair:3   | Reached skill level 10 in Conjurations
 22331 | Lair:4   | You fall into a shaft and drop 2 floors!
 22331 | Lair:6   | Entered Level 6 of the Lair of Beasts
 23015 | Lair:4   | Noticed Nessos
 23451 | Lair:4   | Killed Nessos
 23701 | Lair:4   | Reached XP level 14. HP: 78/78 MP: 28/34
 24100 | Lair:4   | Offered knowledge of Yara's Violent Unravelling by Vehumet.
 25115 | Lair:5   | Found a snail-covered altar of Cheibriados.
 25512 | Orc:1    | Entered Level 1 of the Orcish Mines
 25878 | Orc:1    | Found a transporter.
 25878 | Orc:1    | Noticed Qaics's ghost (journeyman DsGl)
 25882 | Orc:1    | Found a transporter.
 26827 | Orc:2    | Entered Level 2 of the Orcish Mines
 27051 | Orc:2    | Offered knowledge of Eringya's Noxious Bog by Vehumet.
 28274 | Orc:2    | Found Biriprue's Armour Emporium.
 28287 | Orc:2    | Found Foacraub's Jewellery Shoppe.
 28608 | Orc:2    | Reached skill level 15 in Spellcasting
 28721 | Orc:2    | Learned a level 6 spell: Invisibility
 29329 | Orc:2    | Found a staircase to the Elven Halls.
 29561 | Orc:2    | Offered knowledge of Spellforged Servitor by Vehumet.
 29566 | Orc:2    | Noticed an orc warlord
 29579 | Orc:2    | Killed an orc warlord
 29965 | Orc:2    | Found Cacor's Assorted Antiques.
 30112 | Orc:2    | Bought an emerald ring for 175 gold pieces
 30176 | Orc:2    | Found Eketing's Armour Shop.
 30648 | D:13     | Reached skill level 16 in Spellcasting
 31540 | D:13     | Noticed Sonja
 31543 | D:13     | Killed Sonja
 31694 | D:13     | Reached XP level 15. HP: 82/82 MP: 28/37
 31981 | D:13     | Noticed Rupert
 31988 | D:13     | Killed Rupert
 32898 | D:13     | Found a gate to the Vaults.
 32933 | D:14     | Found Jagralan's General Store.
 33617 | D:14     | Found Lehyid's Book Shoppe.
 33766 | D:14     | Found Oshiatsua's Magic Scroll Emporium.
 34252 | D:14     | Bought a potion of heal wounds for 75 gold pieces
 34325 | D:14     | Noticed Roxanne
 34355 | D:14     | Killed Roxanne
 34545 | D:15     | Entered Level 15 of the Dungeon
 35104 | D:15     | Reached skill level 15 in Hexes
 35329 | D:15     | Acquired a staff of poison
 35363 | D:15     | Offered knowledge of Orb of Destruction by Vehumet.
 35781 | D:15     | Found a staircase to the Depths.
 35799 | D:15     | Killed by an exploding fulminant prism

Illustrated notes

Levels and vault maps discovered:
D:1:      nzn_arrival_depleted_hourglass, layout_loops_ring
D:2:      layout_basic, basic_altar, shapermc_ecumenical_altar_totnotflames,
          grunt_decor_cap
D:3:      layout_basic, uniq_ijyb
D:4:      layout_basic, minmay_temple_entry_gardened_gates
D:5:      minmay_chambers_of_threes, layout_gridville,
          mainiacjoe_overflow_concentric_impassable,
          chequers_serial_rivers_small_3, uniq_crazy_yiuf_cottage, uniq_grinder
D:6:      layout_rooms, serial_shops, nicolae_stop_n_shop_2,
          chequers_serial_rivers_marsh, water_boxes_lemuel, uniq_duvessa
D:7:      layout_cave_pools, uniq_pikel, uniq_menkaure
D:8:      layout_rooms, gammafunk_ghost_hive, uniq_psyche
D:9:      cheibrodos_ideogram_h, layout_cave_pools, erik_orc_4,
          serial_gnoll_camp, gnoll_camp_mini_house, gnoll_camp_mini_house,
          gnoll_camp_mini_sergeant, gnoll_camp_mini_hut,
          corexii_leaking_fountain, supply_closet_lemuel
D:10:     layout_small_grid, serial_shops, nicolae_shop_behind_doors,
          nicolae_shop_self_help, uniq_fannar
D:11:     layout_basic, erik_lair_orcish_takeover, cheibrodos_ashenzari_chains
D:12:     layout_grid_maze
D:13:     layout_basic, hangedman_vaults_entry_quadrant_bands, uniq_rupert,
          uniq_sonja
D:14:     layout_rooms, serial_shops, shop, nicolae_shop_stone,
          nicolae_stop_n_shop_2, uniq_roxanne
D:15:     gammafunk_depths_entry_grave, layout_rooms, grunt_decor_fettered
Temple:   compressed_dpeg_circular_temple
Lair:1:   layout_regular_city, serial_bayou_pond_e, serial_bayou_shore_b,
          uniq_erica
Lair:2:   layout_misc_corridors, spider_nest_entry_a, st_stairs_6,
          beast_lair_carwin_6
Lair:3:   layout_long_grid, elwin_shoals_entry_stream, grunt_megastairs_1
Lair:4:   layout_gridlike, minivault_27, lemuel_fruit_tree, uniq_nessos
Lair:5:   layout_long_grid, eino_small_chamber_without_monster,
          kennysheep_snail_temple
Lair:6:   minmay_lair_end_enchanted_forest, layout_hall_layers,
          dpeg_slime_entry_enclosed_altar
Orc:1:    layout_caves, gammafunk_ghost_arena
Orc:2:    pubby_orc_utopia, serial_shops

Skill      XL: |  1  2  3  4  5  6  7  8  9 10 11 12 13 14 15 |
---------------+----------------------------------------------+-----
Spellcasting   | 4 5 6 7 9 10 12 14 16 | 16.0
Conjurations   | 5 6 7 9 11 12 14 | 14.0
Hexes          | 2 4 6 7 9 12 14 15 | 15.5
Translocations | 2 4 5 7 8 |  8.0
Fighting       | 3 5 6 |  6.9
Dodging        | 5 7 |  7.0
Poison Magic   | 5 9 |  9.0
Evocations     | 3 5 7 |  7.0
Shields        | 3 4 |  4.0
Fire Magic     | 2 5 7 |  7.0
Transmutations | 5 6 7 |  7.0
Stealth        | 5 7 8 9 |  9.0

Action                   |  1- 3 |  4- 6 |  7- 9 | 10-12 | 13-15 || total
-------------------------+-------+-------+-------+-------+-------++-------
Melee: Dagger            |     3 |       |       |       |       ||     3
       Staff             |       |       |       |       |     2 ||     2
 Fire: Hand crossbow     |       |       |    52 |       |       ||    52
       Hunting sling     |       |       |     1 |    98 |   110 ||   209
Throw: Dart              |       |       |       |     9 |       ||     9
 Cast: Magic Dart        |    59 |    33 |     9 |     1 |       ||   102
       Searing Ray       |     3 |    21 |    60 |    93 |    85 ||   262
       Fulminant Prism   |       |       |    30 |   126 |   167 ||   323
       Iskenderun's Myst |       |       |     9 |    58 |    73 ||   140
       Olgreb's Toxic Ra |       |       |       |     2 |   105 ||   107
       Ignite Poison     |       |       |       |     2 |    92 ||    94
       Blink             |       |       |       |       |     2 ||     2
  Use: Scroll            |       |       |     2 |    16 |    13 ||    31
       Potion            |       |       |       |       |     1 ||     1
Armor: Robe              |     2 |     1 |     5 |     2 |    37 ||    47
       Steam dragon scal |       |       |       |    17 |       ||    17
Dodge: Dodged            |    11 |    25 |    55 |   156 |   127 ||   374
Block: Buckler           |       |       |       |     6 |    27 ||    33

Table legend: (Time is in decaauts)
 A = Elapsed time spent in this place.
 B = Non-inter-level travel time spent in this place.
 C = Inter-level travel time spent in this place.
 D = Time resting spent in this place.
 E = Time spent auto-exploring this place.
 F = Levels seen in this place.
 G = Mean time per level.
                   A        B        C        D        E       F      G
               +--------+--------+--------+--------+--------+-----+--------+
         Total |  35940 |  34568 |   1372 |  18462 |  11161 |  24 | 1497.5 |
       Dungeon |  23829 |  22889 |    940 |  13187 |   6595 |  15 | 1588.6 |
        Temple |     20 |     11 |      9 |      0 |      3 |   1 |   20.0 |
          Lair |   7077 |   6746 |    331 |   3208 |   2533 |   6 | 1179.5 |
  Orcish Mines |   5012 |   4921 |     91 |   2066 |   2029 |   2 | 2506.0 |
               +--------+--------+--------+--------+--------+-----+--------+

Top non-repeatable levels by time:
   Orc:2: 3668 daAuts
    D:13: 3063 daAuts
     D:8: 2977 daAuts
     D:9: 2038 daAuts
  Lair:5: 1888 daAuts
     D:5: 1877 daAuts
    D:12: 1782 daAuts
     D:4: 1739 daAuts
     D:6: 1558 daAuts
  Lair:1: 1551 daAuts
    D:10: 1464 daAuts
  Lair:3: 1403 daAuts
   Orc:1: 1343 daAuts
    D:15: 1253 daAuts
     D:1: 1167 daAuts
